EL
TULSA DRILLERS @ SAN JOSE GIANTS
05/28/2044
 
TOP OF THE 1ST
Tulsa Drillers batting - Pitching for San Jose Giants : RHP Cesar Rivera
Pitching: RHP Cesar Rivera
Batting: RHB Steve Haskins 0-0: Foul Ball, location: 2F
0-1: Swinging Strike
0-2: Ground out 4-3 (Groundball, 4S, EV 79.4 MPH)
Batting: RHB Jesse White 0-0: Called Strike
0-1: Foul Ball, location: 2F
0-2: Ball
1-2: Fly out, F7 (Flyball, 78D, EV 90.6 MPH)
Batting: LHB Nick McGraw 0-0: Ball
1-0: Foul Ball, location: 2F
1-1: Ground out 3-1 (Groundball, 34, EV 84.4 MPH)
Top of the 1st over - 0 runs, 0 hits, 0 errors, 0 left on base; Tulsa 0 - San Jose 0
BOTTOM OF THE 1ST
San Jose Giants batting - Pitching for Tulsa Drillers : RHP Michael Walsh
Pitching: RHP Michael Walsh
Batting: RHB Tyler Mapes 0-0: Ball
1-0: Ball
2-0: Called Strike
2-1: Foul Ball, location: 2F
2-2: Strikes out looking
Batting: RHB Yutaka Oki 0-0: Called Strike
0-1: Ball
1-1: Ball
2-1: Foul Ball, location: 2F
2-2: Strikes out swinging
Batting: LHB Willie Ceniceros 0-0: Called Strike
0-1: Foul Ball, location: 2F
0-2: SOLO HOME RUN (Flyball, 89XD, EV 98.8 MPH), Distance : 403 ft
Batting: RHB Ian Richardson 0-0: Ball
1-0: Ball
2-0: Ball
3-0: Base on Balls
Batting: LHB James Wheaton 0-0: Ball
Ian Richardson is caught stealing 2nd base 2-6
Bottom of the 1st over - 1 run, 1 hit, 0 errors, 0 left on base; Tulsa 0 - San Jose 1
TOP OF THE 2ND
Tulsa Drillers batting - Pitching for San Jose Giants : RHP Cesar Rivera
Batting: RHB Blake Beale 0-0: Foul Ball, location: 2F
0-1: Called Strike
0-2: Ball
1-2: Fly out, F8 (Flyball, 8RXD, EV 105.0 MPH)
Batting: RHB Dave Cordero 0-0: Ball
1-0: Ball
2-0: Ball
3-0: Called Strike
3-1: Base on Balls
Batting: LHB David McNair 0-0: Foul Ball, location: 2F
0-1: Called Strike
0-2: Ball
1-2: Foul Ball, location: 2F
1-2: Strikes out swinging
Dave Cordero steals 2nd base
Batter strikes out.
Batting: LHB Miguel Medina 0-0: Ball
1-0: Ball
2-0: Called Strike
2-1: Foul Ball, location: 2F
2-2: Foul Ball, location: 2F
2-2: Foul Ball, location: 2F
2-2: Strikes out looking
Top of the 2nd over - 0 runs, 0 hits, 0 errors, 1 left on base; Tulsa 0 - San Jose 1
BOTTOM OF THE 2ND
San Jose Giants batting - Pitching for Tulsa Drillers : RHP Michael Walsh
Batting: LHB James Wheaton 0-0: Ground out 4-3 (Groundball, 4, EV 105.0 MPH)
Batting: RHB Adam Solesbee 0-0: Ball
1-0: Swinging Strike
1-1: Reached on error, E6 (Groundball, 6, EV 79.4 MPH)
Batting: RHB Tade Post 0-0: Foul Ball, location: 2F
0-1: Grounds into double play, 6-4-3 (Groundball, 6MS, EV 80.6 MPH)
Bottom of the 2nd over - 0 runs, 0 hits, 1 error, 0 left on base; Tulsa 0 - San Jose 1
TOP OF THE 3RD
Tulsa Drillers batting - Pitching for San Jose Giants : RHP Cesar Rivera
Batting: RHB Koen van Oort 0-0: Fly out, F4 (Line Drive, 4, EV 66.9 MPH)
Batting: RHB Dave Archibeque 0-0: Called Strike
0-1: Fly out, F9 (Flyball, 9D, EV 100.0 MPH)
Batting: RHB Steve Haskins 0-0: SINGLE (Flyball, 5D, EV 88.8 MPH)
Batting: RHB Jesse White 0-0: Ball
1-0: Called Strike
Steve Haskins steals 2nd base
1-1: Foul Ball, location: 2F
1-2: Ball
2-2: Foul Ball, location: 2F
2-2: Foul Ball, location: 2F
2-2: Ball
3-2: Ground out 4-3 (Groundball, 4, EV 96.9 MPH)
Top of the 3rd over - 0 runs, 1 hit, 0 errors, 1 left on base; Tulsa 0 - San Jose 1
BOTTOM OF THE 3RD
San Jose Giants batting - Pitching for Tulsa Drillers : RHP Michael Walsh
Batting: RHB Jack Toole 0-0: Ball
1-0: Fly out, F4 (Popup, 4S, EV 82.5 MPH)
Batting: RHB Jonathan Reece 0-0: Swinging Strike
0-1: Called Strike
0-2: Ball
1-2: Ball
2-2: Foul Ball, location: 2F
2-2: Ball
3-2: Base on Balls
Batting: RHB Tyler Mapes 0-0: Ball
1-0: Ball
2-0: Ball
3-0: Called Strike
3-1: Swinging Strike
3-2: Foul Ball, location: 2F
3-2: Strikes out looking
Batting: RHB Yutaka Oki 0-0: Ball
1-0: Called Strike
Jonathan Reece steals 2nd base
1-1: Ball
2-1: Ball
3-1: Foul Ball, location: 2F
3-2: Ground out 5-3 (Groundball, 56, EV 85.6 MPH)
Bottom of the 3rd over - 0 runs, 0 hits, 0 errors, 1 left on base; Tulsa 0 - San Jose 1
TOP OF THE 4TH
Tulsa Drillers batting - Pitching for San Jose Giants : RHP Cesar Rivera
Batting: LHB Nick McGraw 0-0: Ball
1-0: SINGLE (Groundball, 6D, EV 108.1 MPH)
Batting: RHB Blake Beale 0-0: Called Strike
0-1: Grounds into double play, 6-4-3 (Groundball, 6, EV 83.1 MPH)
Batting: RHB Dave Cordero 0-0: Swinging Strike
0-1: Called Strike
0-2: Ball
1-2: Ball
2-2: Ball
3-2: Base on Balls
Batting: LHB David McNair 0-0: Ball
Dave Cordero steals 2nd base
1-0: Swinging Strike
1-1: Foul Ball, location: 2F
1-2: Strikes out swinging
Top of the 4th over - 0 runs, 1 hit, 0 errors, 1 left on base; Tulsa 0 - San Jose 1
BOTTOM OF THE 4TH
San Jose Giants batting - Pitching for Tulsa Drillers : RHP Michael Walsh
Batting: LHB Willie Ceniceros 0-0: Ball
1-0: Foul Ball, location: 2F
1-1: Ground out U3 (Groundball, 34S, EV 78.8 MPH)
Pitching: RHP Jason Englert
Batting: RHB Ian Richardson 0-0: Ball
1-0: Called Strike
1-1: Fly out, F7 (Flyball, 7, EV 85.0 MPH)
Batting: LHB James Wheaton 0-0: Foul Ball, location: 2F
0-1: Called Strike
0-2: Ball
1-2: Ball
2-2: Ball
3-2: Strikes out swinging
Bottom of the 4th over - 0 runs, 0 hits, 0 errors, 0 left on base; Tulsa 0 - San Jose 1
TOP OF THE 5TH
Tulsa Drillers batting - Pitching for San Jose Giants : RHP Cesar Rivera
Batting: LHB Miguel Medina 0-0: Called Strike
0-1: Ball
1-1: Ball
2-1: Foul Ball, location: 2F
2-2: Foul Ball, location: 2F
2-2: Ground out 6-3 (Groundball, 6, EV 88.8 MPH)
Batting: RHB Koen van Oort 0-0: Fly out, F8 (Flyball, 8RD, EV 105.0 MPH)
Batting: RHB Dave Archibeque 0-0: Foul Ball, location: 2F
0-1: Swinging Strike
0-2: Ball
1-2: Ball
2-2: Foul Ball, location: 2F
2-2: Fly out, F6 (Line Drive, 6, EV 73.1 MPH)
Top of the 5th over - 0 runs, 0 hits, 0 errors, 0 left on base; Tulsa 0 - San Jose 1
BOTTOM OF THE 5TH
San Jose Giants batting - Pitching for Tulsa Drillers : RHP Jason Englert
Batting: RHB Adam Solesbee 0-0: Fly out, F8 (Flyball, 8RXD, EV 104.4 MPH)
Batting: RHB Tade Post 0-0: Ball
1-0: Foul Ball, location: 2F
1-1: Ball
2-1: Ball
3-1: Base on Balls
Batting: RHB Jack Toole 0-0: Ball
Tade Post steals 2nd base
1-0: Ball
2-0: Swinging Strike
2-1: Ball
3-1: Foul Ball, location: 2F
3-2: Foul Ball, location: 2F
3-2: Base on Balls
Batting: RHB Jonathan Reece 0-0: Grounds into double play, 5-4-3 (Groundball, 56S, EV 84.4 MPH)
Bottom of the 5th over - 0 runs, 0 hits, 0 errors, 1 left on base; Tulsa 0 - San Jose 1
TOP OF THE 6TH
Tulsa Drillers batting - Pitching for San Jose Giants : RHP Cesar Rivera
Batting: RHB Steve Haskins 0-0: Ball
1-0: Swinging Strike
1-1: Swinging Strike
1-2: Foul Ball, location: 2F
1-2: Ball
2-2: Strikes out swinging
Batting: RHB Jesse White 0-0: Called Strike
0-1: Swinging Strike
0-2: Foul Ball, location: 2F
0-2: Ball
1-2: Ball
2-2: Strikes out swinging
Batting: LHB Nick McGraw 0-0: Ball
1-0: Ball
2-0: Ball
3-0: Called Strike
3-1: Called Strike
3-2: DOUBLE (Flyball, 8RXD, EV 101.9 MPH)
Batting: RHB Blake Beale 0-0: Called Strike
0-1: Ball
1-1: Foul Ball, location: 2F
1-2: Foul Ball, location: 2F
1-2: Foul Ball, location: 2F
1-2: Foul Ball, location: 2F
1-2: Fly out, F8 (Flyball, 78M, EV 81.9 MPH)
Top of the 6th over - 0 runs, 1 hit, 0 errors, 1 left on base; Tulsa 0 - San Jose 1
BOTTOM OF THE 6TH
San Jose Giants batting - Pitching for Tulsa Drillers : RHP Jason Englert
Batting: RHB Tyler Mapes 0-0: Ball
1-0: Swinging Strike
1-1: Swinging Strike
1-2: Fly out, F2 (Popup, 13S, EV 90.0 MPH)
Batting: RHB Yutaka Oki 0-0: Ball
1-0: Called Strike
1-1: Ball
2-1: SOLO HOME RUN (Flyball, 7D, EV 93.1 MPH), Distance : 366 ft
Batting: LHB Willie Ceniceros 0-0: Swinging Strike
0-1: Foul Ball, location: 2F
0-2: Foul Ball, location: 2F
0-2: Ball
1-2: Foul Ball, location: 2F
1-2: Ground out 1-3 (Groundball, 25, EV 66.9 MPH)
Batting: RHB Ian Richardson 0-0: Ball
1-0: Ball
2-0: Called Strike
2-1: Ball
3-1: SINGLE (Line Drive, 7LS, EV 99.4 MPH)
Pitching: RHP Luis Lorez
Batting: LHB James Wheaton 0-0: Ball
Ian Richardson steals 2nd base (no throw)
1-0: Ball
2-0: Ball
3-0: Called Strike
3-1: 2-RUN HOME RUN (Flyball, 9D, EV 95.0 MPH), Distance : 380 ft
Batting: RHB Adam Solesbee 0-0: Ball
1-0: Called Strike
1-1: Ball
2-1: SINGLE (Line Drive, 6MD, EV 95.0 MPH)
Batting: RHB Tade Post 0-0: Foul Ball, location: 2F
0-1: Foul Ball, location: 2F
0-2: Ball
1-2: Foul Ball, location: 2F
1-2: Ball
2-2: Ball
3-2: Foul Ball, location: 2F
3-2: Ground out 5-3 (Groundball, 5, EV 85.6 MPH)
Bottom of the 6th over - 3 runs, 4 hits, 0 errors, 1 left on base; Tulsa 0 - San Jose 4
TOP OF THE 7TH
Tulsa Drillers batting - Pitching for San Jose Giants : RHP Cesar Rivera
Batting: RHB Dave Cordero 0-0: Foul Ball, location: 2F
0-1: Ball
1-1: Ball
2-1: Foul Ball, location: 2F
2-2: Ball
3-2: Foul Ball, location: 2F
3-2: DOUBLE (Line Drive, 8RXD, EV 100.6 MPH)
Pitching: LHP Kyle Worford
Batting: LHB David McNair 0-0: Foul Ball, location: 2F
0-1: Ball
1-1: Swinging Strike
1-2: Strikes out swinging
Batting: LHB Miguel Medina 0-0: Ball
1-0: Called Strike
1-1: Ball
2-1: Foul Ball, location: 2F
2-2: Ball
3-2: Strikes out swinging
Batting: RHB Koen van Oort 0-0: Ball
1-0: Called Strike
1-1: Ball
2-1: Ground out 4-3 (Groundball, 4, EV 88.1 MPH)
Top of the 7th over - 0 runs, 1 hit, 0 errors, 1 left on base; Tulsa 0 - San Jose 4
BOTTOM OF THE 7TH
San Jose Giants batting - Pitching for Tulsa Drillers : RHP Luis Lorez
Batting: RHB Jack Toole 0-0: Called Strike
0-1: Ball
1-1: Ground out 6-3 (Groundball, 6, EV 101.9 MPH)
Batting: RHB Jonathan Reece 0-0: Foul Ball, location: 2F
0-1: Ball
1-1: Foul Ball, location: 2F
1-2: Ball
2-2: Fly out, F7 (Flyball, 78XD, EV 105.6 MPH)
Batting: RHB Tyler Mapes 0-0: Foul Ball, location: 2F
0-1: Ball
1-1: Foul Ball, location: 2F
1-2: Foul Ball, location: 2F
1-2: Ball
2-2: Ball
3-2: Foul Ball, location: 2F
3-2: Base on Balls
Batting: RHB Yutaka Oki 0-0: Called Strike
0-1: Ball
Tyler Mapes steals 2nd base (no throw)
1-1: Ball
Tyler Mapes steals 3rd base (no throw)
2-1: Ground out 5-3 (Groundball, 56, EV 101.9 MPH)
Bottom of the 7th over - 0 runs, 0 hits, 0 errors, 1 left on base; Tulsa 0 - San Jose 4
TOP OF THE 8TH
Tulsa Drillers batting - Pitching for San Jose Giants : LHP Kyle Worford
Pitching: RHP Phil Holmes
Batting: RHB Dave Archibeque 0-0: Called Strike
0-1: Ball
1-1: Foul Ball, location: 2F
1-2: SINGLE (Groundball, 34D, EV 94.4 MPH)
Batting: RHB Steve Haskins 0-0: Ball
1-0: Ball
2-0: Ball
3-0: Base on Balls
Dave Archibeque to second
Batting: RHB Jesse White 0-0: Fly out, F9 (Flyball, 89D, EV 94.4 MPH)
Runner from 2nd tags up, SAFE at 3rd with throw by RF
Batting: LHB Nick McGraw 0-0: Foul Ball, location: 2F
0-1: Ball
1-1: Ball
2-1: Fly out, F8 (Flyball, 8LXD, EV 96.3 MPH)
Runner from 3rd tags up, SCORES, no throw by CF
Batting: RHB Blake Beale 0-0: Ball
1-0: Foul Ball, location: 2F
1-1: Ball
2-1: Fly out, F8 (Flyball, 89M, EV 91.9 MPH)
Top of the 8th over - 1 run, 1 hit, 0 errors, 1 left on base; Tulsa 1 - San Jose 4
BOTTOM OF THE 8TH
San Jose Giants batting - Pitching for Tulsa Drillers : RHP Luis Lorez
Pitching: LHP Antonio Villarreal
Batting: LHB Willie Ceniceros 0-0: Ball
1-0: Ball
2-0: Swinging Strike
2-1: Swinging Strike
2-2: Strikes out swinging
Batting: RHB Ian Richardson 0-0: Called Strike
0-1: Ball
1-1: Ball
2-1: Called Strike
2-2: Strikes out swinging
Batting: LHB James Wheaton 0-0: Foul Ball, location: 2F
0-1: Swinging Strike
0-2: Strikes out swinging
Bottom of the 8th over - 0 runs, 0 hits, 0 errors, 0 left on base; Tulsa 1 - San Jose 4
TOP OF THE 9TH
Tulsa Drillers batting - Pitching for San Jose Giants : RHP Phil Holmes
Pitching: RHP Pat Richardson
Batting: RHB Dave Cordero 0-0: Ball
1-0: Called Strike
1-1: Foul Ball, location: 2F
1-2: SOLO HOME RUN (Flyball, 7D, EV 100.6 MPH), Distance : 380 ft
Batting: LHB David McNair 0-0: Called Strike
0-1: Ball
1-1: Ball
2-1: Fly out, F5 (Popup, 5SF, EV 78.8 MPH)
Batting: LHB Miguel Medina 0-0: Called Strike
0-1: Ball
1-1: Swinging Strike
1-2: Ball
2-2: SINGLE (Groundball, 4S, EV 66.9 MPH) (infield hit)
Pinch Hitting: LHB Kevin Wiebe 0-0: Ball
1-0: Foul Ball, location: 2F
1-1: Called Strike
1-2: Foul Ball, location: 2F
1-2: Ground out 6-3 (Groundball, 4, EV 106.9 MPH)
Miguel Medina to second
Pinch Hitting: SHB Xavier Alaniz 0-0: Called Strike
0-1: Foul Ball, location: 2F
0-2: Ground out 4-3 (Groundball, 34, EV 84.4 MPH)
Top of the 9th over - 1 run, 2 hits, 0 errors, 1 left on base; Tulsa 2 - San Jose 4
Thursday, March 31st , 2022 - OOTP Baseball 22.12 Build 89